 Dungeon Crawl Stone Soup version 0.29.0-4-gdea44cf6ec (webtiles) character file.

Game seed: 836795176129956275

169 qw the Chopper (level 5, -2/30 HPs)
             Began as a Tengu Warper on Aug 28, 2022.
             Slain by an iguana (9 damage)
             ... on level 3 of the Dungeon.
             The game lasted 00:00:11 (1966 turns).

qw the Chopper (Tengu Warper)                       Turns: 1966, Time: 00:00:12

Health: -2/30      AC: 11    Str: 13    XL:     5   Next: 50%
Magic:  9/9        EV:  5    Int: 13    God:
Gold:   129        SH:  0    Dex: 14    Spells: 8/8 levels left

rFire   . . .      SeeInvis .   Y - +0 hand axe
rCold   . . .      Faith    .   (no shield)
rNeg    . . .      Spirit   .   i - +0 plate armour
rPois   .          Reflect  .   (helmet restricted)
rElec   .          Harm     .   (no cloak)
rCorr   .          Rampage  .   (no gloves)
Will    .....                   (boots unavailable)
Stlth   ..........              (no amulet)
HPRegen 0.10/turn               (no ring)
MPRegen 0.11/turn               (no ring)

@: about to teleport, flying quickly and evasively, quick
A: beak, talons 3, nimble flight
a: no special abilities


You were on level 3 of the Dungeon.
You visited 1 branch of the dungeon, and saw 3 of its levels.

You collected 129 gold pieces.


Innate Abilities, Weirdness & Mutations

You have a beak for a mouth.
You have claws for feet.
Your magical nature lets you fly swiftly and evasively.


   Skills:
 - Level 2.0 Fighting
 + Level 4.8 Axes
 - Level 1.0 Throwing
 - Level 3.7 Armour
 - Level 2.1 Dodging
 - Level 2.0 Spellcasting
 - Level 2.4 Translocations


You had 8 spell levels left.
You didn't know any spells.
Your spell library contained the following spells:

 Spells                   Type           Power      Damage    Failure   Level
 Blink                    Tloc           14%        N/A       100%        2
 Gell's Gravitas          Tloc           7%         N/A       100%        3
 Lesser Beckoning         Tloc           7%         N/A       100%        3
 Teleport Other           Tloc           7%         N/A       100%        3
 Manifold Assault         Tloc           7%         N/A       100%        5

Inventory:

Hand Weapons
 k - a +1 vorpal flail
 Y - a +0 hand axe (weapon)
Armour
 i - a +0 plate armour (worn)
Scrolls
 a - 2 scrolls of identify
 b - 2 scrolls of teleportation
Potions
 c - a potion of lignification {unknown}
 d - 2 potions of heal wounds {unknown}
 g - a potion of invisibility {unknown}
 h - a potion of cancellation {unknown}

Dungeon Overview and Level Annotations

Branches:
Dungeon (3/15)

Altars:
Yredelemnul


Message History

The adder bites you but does no damage.
You hit the adder. You claw the adder.
The adder is severely wounded.
The adder completely misses you.
You miss the adder. You claw the adder.
You kill the adder!
You slash the goblin!
You kill the goblin!
You hit the iguana but do no damage. Your kick misses the iguana.
You peck the iguana, but do no damage.
The iguana bites you but does no damage.
You hit the iguana.
The iguana is moderately wounded.
The iguana bites you but does no damage.
You hit the iguana.
The iguana is moderately wounded.
The iguana hisses menacingly.
The iguana bites you but does no damage.
You hit the iguana but do no damage. You claw the iguana, but do no damage.
The iguana is moderately wounded.
The iguana barely misses you.
You hit the iguana but do no damage.
The iguana is moderately wounded.
The iguana bites you.
You hit the iguana. Your kick misses the iguana.
The iguana is heavily wounded.
The iguana completely misses you.
You hit the iguana but do no damage. You claw the iguana.
You peck the iguana, but do no damage.
The iguana is severely wounded.
The iguana bites you but does no damage.
You completely miss the iguana. You peck the iguana.
The iguana is severely wounded.
The iguana bites you but does no damage.
The iguana bites you.
1966 ||| READING 3 scrolls of teleportation.
As you read the scroll of teleportation, it crumbles to dust.
You feel strangely unstable. The iguana bites you!
You die...

..........# #
#................####
....$...............
#..........>....###.
#...............# ##
## .>.............# #
....##.............##
#
.......)....#.....##
#@..........
##l##.###### ~
#.##.##### .
.####..#.....## ยค
.......#......#######
.......%.#####.......
........## ##.#####
#..####.'$.hB.#.# #
###rWS..#.#


You could see an iguana.

Vanquished Creatures
  A phantom (D:3)
  A hound (D:3)
  2 adders
  A worm (D:2)
  A dart slug (D:2)
  3 endoplasms
  A giant cockroach (D:3)
  6 goblins
  5 hobgoblins
  A quokka (D:3)
  2 ball pythons (D:2)
  4 bats
  2 frilled lizards (D:2)
  5 kobolds
  10 rats
45 creatures vanquished.

Notes
Turn   | Place    | Note
-------+----------+-------------------------------------------
     0 | D:1      | qw the Tengu Warper began the quest for the Orb.
     0 | D:1      | Reached XP level 1. HP: 12/12 MP: 4/4
     0 | D:1      | 0 ||| qw: Version: 0.1-a-89-g26bdef1
     0 | D:1      | 0 ||| qw: Game counter: 1333
     0 | D:1      | 0 ||| qw: Always use a shield: true
     0 | D:1      | 0 ||| qw: God list: Okawaru
     0 | D:1      | 0 ||| qw: Allow faded altars: false
     0 | D:1      | 0 ||| qw: Do Orc after D:15 true
     0 | D:1      | 0 ||| qw: Do second Lair branch before Depths: true
     0 | D:1      | 0 ||| qw: Lair rune preference: random
     0 | D:1      | 0 ||| qw: Plans: Normal
     0 | D:1      | 0 ||| PLANNING D:1-11
   440 | D:1      | Reached XP level 2. HP: 17/17 MP: 6/6
   499 | D:1      | Reached skill level 3 in Axes
   520 | D:1      | Found a faded altar of an unknown god.
   940 | D:1      | 940 ||| UPGRADING to +0 scale mail.
   950 | D:1      | 950 ||| DROPPING +0 leather armour.
   951 | D:1      | 951 ||| READING 3 scrolls labelled PAEHUCOCIM.
   952 | D:1      | 952 ||| READING scroll labelled YBICHIRCHOG.
   957 | D:1      | 957 ||| READING 2 scrolls of identify.
   957 | D:1      | 957 ||| IDENTIFYING murky black potion
   958 | D:1      | 958 ||| DROPPING scroll of blinking.
   959 | D:1      | 959 ||| DROPPING potion of ambrosia.
  1055 | D:2      | 1055 ||| FLEEEEING.
  1056 | D:2      | 1056 ||| FLEEEEING.
  1057 | D:2      | 1057 ||| FLEEEEING.
  1172 | D:2      | Reached XP level 3. HP: 21/21 MP: 7/7
  1250 | D:2      | Reached skill level 4 in Axes
  1439 | D:2      | 1439 ||| Stepping ~*~*~tactically~*~*~ (hiding).
  1442 | D:2      | 1442 ||| Stepping ~*~*~tactically~*~*~ (hiding).
  1567 | D:2      | 1567 ||| DROPPING +0 whip.
  1699 | D:2      | Found a basalt altar of Yredelemnul.
  1791 | D:2      | 1791 ||| UPGRADING to +0 chain mail.
  1801 | D:2      | 1801 ||| DROPPING +0 scale mail.
  1802 | D:2      | 1802 ||| UPGRADING to +0 plate armour.
  1812 | D:2      | 1812 ||| DROPPING +0 chain mail.
  1813 | D:2      | 1813 ||| READING scroll labelled BETONY QIJO.
  1814 | D:2      | 1814 ||| READING scroll labelled WUBOSIE QIONLO.
  1918 | D:3      | Noticed a phantom
  1919 | D:3      | 1919 ||| Stepping ~*~*~tactically~*~*~ (stealth).
  1934 | D:3      | Killed a phantom
  1935 | D:3      | Reached skill level 3 in Armour
  1935 | D:3      | Reached XP level 4. HP: 14/26 MP: 8/8
  1935 | D:3      | Gained mutation: Your magical nature lets you fly swiftly
                  | and evasively. [Tengu growth]
  1935 | D:3      | Reached XP level 5. HP: 16/30 MP: 9/9
  1965 | D:3      | HP: 7/30 [iguana (5)]
  1966 | D:3      | 1966 ||| READING 3 scrolls of teleportation.
  1966 | D:3      | Slain by an iguana

Levels and vault maps discovered:
D:1:      dpeg_arrival_oval, layout_loops_ring,
          ebering_ecumenical_altar_sacrificial
D:2:      layout_rooms, basic_altar, minmay_misc_feat_four_crosses
D:3:      layout_rooms, chequers_temple_overflow_statue_of_worship,
          serial_shops, nicolae_shop_advertising_works
          [nicolae_subvault_shop_adworks], serial_bayou_pond_d,
          amcnicky_mini_rare_corridor_liquid, chequers_decorated_corner,
          minmay_joined_circles, uniq_crazy_yiuf_cottage

Skill      XL: |  1  2  3 |
---------------+----------+-----
Axes           | 3 4 |  4.8
Armour         | 3 |  3.7
Fighting       | |  2.0
Throwing       | |  1.0
Dodging        | |  2.1
Spellcasting   | |  2.0
Translocations | |  2.4

Action                   |  1- 3 |  4- 6 || total
-------------------------+-------+-------++-------
Melee: Hand axe          |    71 |    29 ||   100
       Kick              |    21 |     8 ||    29
       Peck              |    12 |     6 ||    18
Throw: Boomerang         |     7 |       ||     7
  Use: Scroll            |     5 |     1 ||     6
Armor: Leather armour    |     5 |       ||     5
       Scale mail        |     9 |       ||     9
       Plate armour      |    23 |    20 ||    43
Dodge: Dodged            |    18 |     9 ||    27

Table legend:
 A = Non-vault XP
 B = Vault XP
 C = Vault XP percentage of total XP
 D = Non-vault monster count
 E = Vault monster count
 F = Vault count percentage of total count
                 A         B        C        D         E       F
            +---------+---------+-------+---------+---------+-------
      Total |      69 |     173 |  71.5 |      35 |      10 |  22.2
            +---------+---------+-------+---------+---------+-------
        D:1 |      21 |       0 |   0.0 |      14 |       0 |   0.0
        D:2 |      40 |       0 |   0.0 |      16 |       0 |   0.0
        D:3 |       8 |     173 |  95.6 |       5 |      10 |  66.7
            +---------+---------+-------+---------+---------+-------
